 Dungeon Crawl Stone Soup version 0.17-a0-1838-g891d947 (webtiles) character file.

42 splatsma the Sneak (level 3, -1/16 HPs)
             Began as a Spriggan Conjurer on Sept 15, 2015.
             Slain by a giant cockroach (2 damage)
             ... on level 1 of the Dungeon.
             The game lasted 00:09:32 (1451 turns).

splatsma the Sneak (Spriggan Conjurer)              Turns: 1451, Time: 00:09:32

Health: -1/16      AC:  2    Str:  4    XL:     3   Next: 33%
Magic:  0/8        EV: 19    Int: 17    God:
Gold:   29         SH:  0    Dex: 16    Spells: 1 memorised, 6 levels left

rFire  . . .     SeeInvis +     d - +1 hunting sling (freeze)
rCold  . . .     Clarity  .     g - +0 robe
rNeg   . . .     SustAt   .     (shield restricted)
rPois  .         Gourm    .     (helmet restricted)
rElec  .         Spirit   .     (no cloak)
rCorr  .         Warding  .     (gloves unavailable)
rMut   .         Stasis   .     (boots unavailable)
MR     .....                    (no amulet)
Stlth  +++.......               (no ring)
                                (no ring)

@: very quick, not resistant to hostile enchantments, fairly stealthy
A: unfitting armour, see invisible, herbivore 3, speed 3, slow metabolism 2
a: no special abilities


You were on level 1 of the Dungeon.
You were not hungry.

You visited 1 branch of the dungeon, and saw 1 of its levels.

You collected 29 gold pieces.

Inventory:

Hand weapons
 d - a +1 hunting sling of freezing (weapon)
Armour
 a - a +0 robe
 e - a +0 centaur barding
 f - a +0 ring mail
 g - a +0 robe (worn)
Books
 b - a book of Conjurations

   Spells                             Type                      Level
   a - Magic Dart                     Conjuration                  1
   b - Searing Ray                    Conjuration                  2
   c - Dazzling Spray                 Conjuration/Hexes            3
   d - Fulminant Prism                Conjuration/Hexes            4
   e - Iskenderun's Mystic Blast      Conjuration                  4
   f - Iskenderun's Battlesphere      Conjuration/Charms           5
Comestibles
 c - a bread ration
 i - a beef jerky
 j - a meat ration


   Skills:
 + Level 3.6 Dodging
 + Level 4.0 Stealth
 + Level 2.7 Spellcasting
 + Level 3.4 Conjurations


You had 6 spell levels left.
You knew the following spells:

 Your Spells              Type           Power        Failure   Level  Hunger
a - Magic Dart            Conj           ##..         4%          1    #......


Dungeon Overview and Level Annotations

Branches:
Dungeon (1/15)

Altars:


Innate Abilities, Weirdness & Mutations

You are tiny and cannot use many weapons and most armour.
You have supernaturally acute eyesight.
You are a herbivore.
You cover ground extremely quickly.
You need consume almost no food.


Message History

The giant cockroach barely misses you. The giant cockroach misses you.
The giant cockroach bites you. The ooze hits you.
* * * LOW HITPOINT WARNING * * *
Casting: Magic Dart
Confirm with . or Enter, or press ? or * to list all spells.
You don't have enough magic to cast that spell.
Unknown command.
Casting: Magic Dart
Confirm with . or Enter, or press ? or * to list all spells.
You don't have enough magic to cast that spell.
Unknown command.
Casting: Magic Dart
Confirm with . or Enter, or press ? or * to list all spells.
You don't know that spell.
You closely miss the giant cockroach.
The giant cockroach is almost dead.
The giant cockroach barely misses you. x2
The giant cockroach bites you but does no damage.
The ooze completely misses you. The giant cockroach bites you.
You die...

...# #.#.###########.###..####
...# #.#.....................#
...# #.#.#[..###############.#
...# #.#.#...#.............#.#
...#####.#.#...#.............#.#
...#...#.#.#...#......(......#.#
...#.#.#.#.#...#######'#######.#
..##...#.#.#...#.J....((.....#.##
..##..##.#.#...+@s...###(...⌠'..#
..##..##.#.....#ss....<......#...
..##..##.#..#..#..⌠...>...⌠..#.##
...)†..........###+#######'###.#
####.......#...................##
#....#.........÷.)..............
#.#..#.#.#......#....#......#.##
#.####.#.#.............####.####
#....#.#.#....#.##########......


You could see an ooze and 3 giant cockroaches.

Vanquished Creatures
  3 oozes (D:1)
  3 bats (D:1)
  3 giant cockroaches (D:1)
  4 goblins (D:1)
  2 hobgoblins (D:1)
  4 jackals (D:1)
  2 kobolds (D:1)
  A ball python (D:1)
  3 giant newts (D:1)
  6 rats (D:1)
31 creatures vanquished.

Notes
Turn   | Place    | Note
--------------------------------------------------------------
     0 | D:1      | splatsma the Spriggan Conjurer began the quest for the Orb.
     0 | D:1      | Reached XP level 1. HP: 9/9 MP: 5/5
     1 | D:1      | Found a runed door.
   380 | D:1      | Reached XP level 2. HP: 13/13 MP: 0/6
  1408 | D:1      | Reached XP level 3. HP: 13/16 MP: 0/8
  1419 | D:1      | Reached skill level 4 in Stealth
  1451 | D:1      | Slain by a giant cockroach

Vault maps used:
D:1:      dpeg_arrival_caged_fury, serial_glass, glass_columns_b,
          glass_columns_a, minmay_misc_feat_plants

Action                   || total
-------------------------++-------
Melee: Hunting sling     ||    13
 Fire: Hunting sling     ||    22
 Cast: Magic Dart        ||    58
  Use: Scroll            ||     3
       Potion            ||     3
